 Dungeon Crawl Stone Soup version 0.31.0-32-g396128a36d (webtiles) character file.

Game seed: 762480355132268935

123 TacoSundae the Ruffian (level 5, 1/25 HPs)
             Began as a Vine Stalker Shapeshifter on Apr 9, 2024.
             Quit the game on level 4 of the Dungeon.
             The game lasted 00:05:48 (2450 turns).

TacoSundae the Ruffian (Vine Stalker Shapeshifter)  Turns: 2450, Time: 00:05:48

Health: 1/25       AC:  3    Str: 18    XL:     5   Next: 7%
Magic:  0/6        EV: 11    Int: 10    God:
Gold:   74         SH:  0    Dex: 14    Spells: 4/4 levels left

rFire   . .          .
                       - Unarmed
rCold   . . .        (no shield)
rNeg    . . .        j - +0 leather armour
rPois   .            (helmet currently unavailable)
rElec   .            (cloak currently unavailable)
rCorr   .            (gloves currently unavailable)
SInv    .            (boots currently unavailable)
Will    .....        f - amulet of the acrobat
Stlth   +            (no ring)
HPRegen 1.04/turn    (no ring)
MPRegen 0.10/turn

%: acrobat, guardian spirit
@: lethally poisoned (1 -> 0), beast-form, weakened
A: beast (slay +2), fangs 2, regeneration 1, magic shield, antimagic bite, no
potion heal 2
a: Begin Untransformation


You were on level 4 of the Dungeon.
You were a hulking beast.
You visited 1 branch of the dungeon, and saw 4 of its levels.
You also visited: Sewer.

You collected 74 gold pieces.

Inventory:

Missiles
 a - 17 poisoned darts (quivered)
Armour
 j - a +0 leather armour (worn)
 n - a scarf of repulsion
 t - a +0 helmet
Jewellery
 f - an amulet of the acrobat (around neck)
 u - a ring of ice
Talismans
 c - a beast talisman
 d - a flux talisman
Wands
 p - a wand of iceblast (13)
Scrolls
 e - a scroll of enchant weapon {unknown}
 k - a scroll of poison {unknown}
 o - 3 scrolls of identify {unknown}
 q - 2 scrolls of noise {unknown}
Potions
 b - 3 potions of lignification
 h - 2 potions of haste {unknown}
 i - 3 potions of resistance {unknown}
 l - 2 potions of heal wounds {unknown}
 m - a potion of curing {unknown}
 r - a potion of invisibility {unknown}
 s - a potion of mutation {unknown}


   Skills:
 - Level 0.8 Fighting
 - Level 1.5 Dodging
 + Level 4.4 Unarmed Combat
 + Level 4.2 Shapeshifting


You had 4 spell levels left.
You didn't know any spells.
Your spell library contained the following spells:

 Spells                   Type           Power      Damage    Failure   Level
 Blink                    Tloc           0%         N/A       56%         2
 Lesser Beckoning         Tloc           0%         N/A       56%         2
 Momentum Strike          Conj/Tloc      0%         3d8       56%         2
 Tukima's Dance           Hex            0%         N/A       80%         3
 Passage of Golubria      Tloc           0%         N/A       99%         4
 Yara's Violent Unravell  Hex/Alch       0%         3d3       100%        5


Dungeon Overview and Level Annotations

Branches:
Dungeon (4/15)              Sewer (visited)
 Temple: D:4-7

Altars:
Sif Muna
Uskayaw


Innate Abilities, Weirdness & Mutations

You are a hulking beast.
Your limbs bulge with bestial killing power. (Slay +2)
You have extremely sharp teeth.
Your natural rate of healing is unusually fast.
When hurt, damage is shared between your health and your magic reserves.
Your bite disrupts and absorbs the magic of your enemies.
Potions cannot restore your health.


Message History

You see here a +0 flail.
A gnoll comes into view. It is wielding a +0 halberd.
The gnoll shouts!
You see here a +0 flail.
You punch the gnoll bouda! Your bite misses the gnoll bouda.
The gnoll bouda is moderately wounded.
The gnoll bouda misses you.
You punch the gnoll bouda! Your bite misses the gnoll bouda.
The gnoll bouda is severely wounded.
The gnoll bouda barks out a call to the hunt!
The gnoll picks up the pace!
You hear a shout!
You hit the gnoll bouda. You bite the gnoll bouda. You drain its power.
The gnoll bouda is almost dead.
The gnoll hits you from afar with a +3 spear of venom!
The gnoll bouda prays to its god.
The gnoll bouda is healed somewhat.
You hit the gnoll bouda but do no damage.
Your bite misses the gnoll bouda.
The gnoll bouda is severely wounded.
The gnoll closely misses you.
The gnoll bouda gazes fiercely through you!
You feel your attacks grow feeble.
The gnoll bouda hits you with a +0 whip!
You closely miss the gnoll bouda.
The gnoll bouda is severely wounded.
The gnoll hits you from afar with a +3 spear of venom.
* * * LOW HITPOINT WARNING * * *
You are poisoned.
Unknown command.
You hit the gnoll bouda.
The gnoll bouda is severely wounded.
You feel sick.
The gnoll bouda gazes fiercely through you!
You feel as though you will be weak longer.
The gnoll bouda hits you with a +0 whip!
* * * LOW HITPOINT WARNING * * *
The gnoll barely misses you.
Okay, then.
Are you sure you want to abandon this character and quit the game? (Confirm with "yes".)

####.# #.# #.#
#.# #.# #.# #.#
P.#######.#######
P.~...†..†..hggg#
P~P..####.#####g#
♣♣~ #.# #.# #.#
..# #.# ...# #.#
.~P~♣ #...~PPg~
###.♣g~~♣ #.#..g#


You could see a gnoll bouda and 3 gnolls.

Vanquished Creatures
  4 adders
  A gnoll (D:4)
  2 dart slugs (D:3)
  An orc (D:3)
  7 ball pythons
  7 bats
  4 endoplasms
  2 giant cockroaches
  4 goblins
  6 hobgoblins
  2 jackals (D:2)
  7 frilled lizards
  16 kobolds
  9 rats
72 creatures vanquished.

Notes
Turn   | Place    | Note
-------+----------+-------------------------------------------
     0 | D:1      | TacoSundae the Vine Stalker Shapeshifter began the quest
                  | for the Orb.
     0 | D:1      | Reached XP level 1. HP: 9/9 MP: 2/2
   287 | D:1      | Reached XP level 2. HP: 14/14 MP: 3/3
   686 | D:2      | Reached XP level 3. HP: 14/17 MP: 4/4
  1265 | D:3      | Found a shimmering blue altar of Sif Muna.
  1327 | D:3      | Reached XP level 4. HP: 21/21 MP: 5/5
  1331 | D:3      | Found a glowing drain.
  1338 | Sewer    | Entered a sewer
  1687 | D:3      | Found a hide-covered altar of Uskayaw.
  2433 | D:4      | Reached XP level 5. HP: 25/25 MP: 6/6
  2449 | D:4      | HP: 1/25 [gnoll bouda/+0 whip (5)]
  2450 | D:4      | Quit the game

Illustrated notes

Levels and vault maps discovered:
D:1:      dpeg_arrival_houses_and_road, layout_basic
D:2:      layout_loops_ring, minmay_unequal
D:3:      layout_basic, kennysheep_orc_sif_temple,
          mainiacjoe_overflow_six_doors_small,
          mainiacjoe_sewer_entry_somewhere_in_here_1, minmay_strange_pillars,
          nicolae_titane
D:4:      layout_loops_ring, worldfamousw_hep_ancestral_shrine, serial_bayou,
          serial_bayou_pond_e, serial_bayou_pond_a, serial_bayou_pond_c,
          serial_bayou_pond_e, minmay_vboxes

Skill      XL: |  1  2  3  4 |
---------------+-------------+-----
Unarmed Combat | 4 |  4.4
Shapeshifting  | 4 |  4.2
Fighting       | |  0.8
Dodging        | |  1.5

Action                     |  1- 3 |  4- 6 || total
---------------------------+-------+-------++-------
  Melee: Unarmed           |    82 |    76 ||   158
         Bite              |    16 |    18 ||    34
         Punch             |       |     1 ||     1
   Stab: Sleeping          |     1 |     1 ||     2
 Armour: Animal skin       |    10 |       ||    10
         Leather armour    |    46 |    38 ||    84
  Dodge: Dodged            |    45 |    45 ||    90
